New York Rangers vs Boston Bruins

Created - Monday, March 2, 2026 at 07:53

Goals
1 2 3 T
New York Rangers 1 0 3 4
Boston Bruins 1 1 0 2
Shots
1 2 3 T
New York Rangers 10 15 15 40
Boston Bruins 12 9 13 34

1st period

1. New York Rangers , Kyle Palmieri 15 (Timo Meier 19, Evgeni Malkin 20) at 16:51
2. Boston Bruins , Ryan Strome 15 (Alex Laferriere 18, Jaden Schwartz 12) at 18:12 (PP)

Penalties :
Evgeni Malkin (NYR) for Tripping (Minor) at 17:19

2nd period

3. Boston Bruins , Alex Laferriere 16 (Ryan Strome 23) at 12:13 (PP)

Penalties :
Marcus Foligno (NYR) for High sticking (Minor) at 7:48, Luke Schenn (NYR) for Hooking (Minor) at 12:12, Viktor Arvidsson (BOS) for Tripping (Minor) at 19:41

3rd period

4. New York Rangers , Cole Caufield 11 (Dmitry Kulikov 6, Nathan MacKinnon 26) at 8:54
5. New York Rangers , Dylan Strome 5 (Victor Hedman 13) at 13:15
6. New York Rangers , Victor Hedman 5 (Cole Caufield 15, Jake Walman 7) at 18:42 (Empty Net)

Penalties :
Timo Meier (NYR) for High sticking (Minor) at 16:20, Urho Vaakanainen (BOS) for Tripping (Minor) at 19:53

Goalie Stats

Igor Shesterkin (NYR), 32 saves from 34 shots - (0.941), W, 23-9-2, 60:00 minutes
Petr Mrazek (BOS), 1 saves from 1 shots - (1.000), 1:06 minutes
Marcus Hogberg (BOS), 35 saves from 38 shots - (0.921), L, 1-2-0, 58:42 minutes

Players Stats for New York Rangers

Player Name              G  A  P  +/- PIM S  H  SB GA TA FO     MP     PP MP  PK MP  
------------------------------------------------------------------------------------
Adam Larsson             0  0  0   1  0   3  3  1  0  1  0/0    22:16   0:00   2:48 
Artemi Panarin           0  0  0   2  0   8  0  0  1  0  1/2    21:29   1:30   0:00 
Cole Caufield            1  1  2   2  0   6  0  1  1  2  0/0    22:05   1:30   0:36 
Conor Garland            0  0  0   0  0   1  0  0  0  0  0/0     6:48   0:00   0:00 
Dmitry Kulikov           0  1  1   1  0   0  0  2  0  1  0/0    13:28   0:00   0:00 
Dylan Strome             1  0  1   1  0   2  0  0  1  0  5/10   13:03   0:35   0:00 
Evgeni Malkin            0  1  1   1  2   2  1  0  0  0  6/10   15:37   2:05   0:14 
Jake Walman              0  1  1   2  0   0  3  1  0  1  0/0    22:38   0:00   2:04 
Kyle Palmieri            1  0  1   1  0   2  0  1  0  1  0/0    14:18   0:35   0:00 
Luke Schenn              0  0  0   1  2   1  0  0  0  0  0/0    20:43   0:00   2:04 
Marcus Foligno           0  0  0   0  2   0  1  0  0  0  0/0     8:23   0:00   1:18 
Mikael Granlund          0  0  0   1  0   2  0  1  1  0  4/6    14:46   0:00   2:19 
Nathan MacKinnon         0  1  1   2  0   7  3  0  1  1  21/40  21:29   1:30   0:00 
Noel Acciari             0  0  0   0  0   0  1  0  0  1  0/2     9:07   0:00   2:19 
Olli Maatta              0  0  0   1  0   1  0  0  0  1  0/0    15:49   0:00   2:48 
Teuvo Teravainen         0  0  0   1  0   1  0  0  0  1  1/1    15:04   0:00   2:19 
Timo Meier               0  1  1   1  2   3  1  0  0  0  1/2    15:14   0:35   0:39 
Victor Hedman            1  1  2   2  0   1  0  0  0  2  0/0    22:47   2:05   0:00 

Players Stats for Boston Bruins

Player Name              G  A  P  +/- PIM S  H  SB GA TA FO     MP     PP MP  PK MP  
------------------------------------------------------------------------------------
Aatu Raty                0  0  0   0  0   1  1  0  2  0  8/17   15:16   0:12   0:07 
Adam Wilsby              0  0  0   0  0   0  1  2  0  1  0/0    17:09   0:00   0:00 
Alex Laferriere          1  1  2  -1  0   6  1  0  0  0  3/3    18:43   2:25   1:08 
Beck Malenstyn           0  0  0  -1  0   6  3  1  0  0  3/9    12:06   2:02   0:50 
Jack Thompson            0  0  0  -1  0   0  1  1  0  1  0/0    16:31   0:00   0:00 
Jaden Schwartz           0  1  1  -1  0   1  0  2  2  0  0/1    17:58   2:27   0:07 
Jakob Pelletier          0  0  0  -1  0   3  2  0  1  0  0/0     9:57   0:30   0:00 
Joel Farabee             0  0  0  -2  0   1  3  1  1  0  0/1    14:18   0:24   0:00 
Maxim Tsyplakov          0  0  0   0  0   2  2  0  0  0  0/1    17:25   2:03   0:51 
Ozzy Wiesblatt           0  0  0  -1  0   1  1  0  0  0  0/0     9:14   0:00   0:00 
Rasmus Sandin            0  0  0  -3  0   0  0  2  0  0  0/0    22:37   3:10   1:00 
Ryan Strome              1  1  2  -1  0   4  0  0  0  0  11/23  18:42   2:25   1:07 
Sam Morton               0  0  0  -2  0   2  0  2  1  0  8/16   13:41   0:00   0:00 
Samuel Girard            0  0  0  -3  0   2  1  1  1  1  0/0    22:55   3:10   1:06 
Taylor Raddysh           0  0  0  -2  0   1  0  0  1  0  1/2    13:47   0:05   0:00 
Urho Vaakanainen         0  0  0   0  2   1  0  1  0  1  0/0    20:45   1:42   0:59 
Victor Mancini           0  0  0  -1  0   0  0  1  0  1  0/0    20:02   1:42   1:05 
Viktor Arvidsson         0  0  0   0  2   3  3  0  3  0  0/0    16:47   2:03   0:00 

3 Stars

1 - Cole Caufield (NYR)
2 - Victor Hedman (NYR)
3 - Jake Walman (NYR)

Power Play

New York Rangers - 0 on 2 Attempt(s) - 0.00%
Boston Bruins - 2 on 4 Attempt(s) - 50.00%

Penalty Kill

New York Rangers - 2 on 4 Attempt(s) - 50.00% - Score 0 goal in Penalty Kill
Boston Bruins - 2 on 2 Attempt(s) - 100.00% - Score 0 goal in Penalty Kill

Team Stat

New York Rangers - Hits : 13 - Faceoff Wins : 39 - Blocked Shots : 7 - Penalty Minutes : 8
Boston Bruins - Hits : 19 - Faceoff Wins : 34 - Blocked Shots : 14 - Penalty Minutes : 4

Official

Referees : Chris Schlenker and Frederick L'Ecuyer
Linesman : Ryan Galloway and Tyson Baker

Game Notes

Victor Hedman has scored in a empty net!
Marcus Hogberg is injured at 18:54 of 3rd period (Right Hand)
Petr Mrazek enters game at 18:54 of 3rd period

Finance

Level 1 -- Attendance: 4235 (70.58%) -- Ticket Income $423,500
Level 2 -- Attendance: 3387 (67.74%) -- Ticket Income $203,220
Level 3 -- Attendance: 2118 (70.60%) -- Ticket Income $74,130
Level 4 -- Attendance: 3846 (76.92%) -- Ticket Income $96,150
Luxury Box -- Attendance: 768 (76.80%) -- Ticket Income $153,600
Game was played at the TD Garden.
Total Attendance: 14354 (71.77%)
Total Ticket Income: $950,600
Other Income: $332,710
Total Income: $1,283,310

New York Rangers

5 vs 5 Forward 
   Center                   Left Wing                Right Wing               Time % Phy DF OF 
 1 Nathan MacKinnon         Artemi Panarin           Cole Caufield            40     0   1  4  
 2 Evgeni Malkin            Timo Meier               Kyle Palmieri            30     1   1  3  
 3 Dylan Strome             Teuvo Teravainen         Mikael Granlund          20     1   2  2  
 4 Noel Acciari             Marcus Foligno           Conor Garland            10     2   2  1  

5 vs 5 Defense 
   Defense                  Defense                                           Time % Phy DF OF 
 1 Victor Hedman            Jake Walman                                       40     0   3  2  
 2 Luke Schenn              Adam Larsson                                      35     0   4  1  
 3 Olli Maatta              Dmitry Kulikov                                    25     2   3  0  
 4 Dmitry Kulikov           Adam Larsson                                      0      1   2  2  

PowerPlay Forward 
   Center                   Left Wing                Right Wing               Time % Phy DF OF 
 1 Nathan MacKinnon         Cole Caufield            Artemi Panarin           50     0   0  5  
 2 Dylan Strome             Timo Meier               Kyle Palmieri            50     0   1  4  

PowerPlay Defense
   Defense                  Defense                                           Time % Phy DF OF 
 1 Victor Hedman            Evgeni Malkin                                     65     0   0  5  
 2 Jake Walman              Mikael Granlund                                   35     0   1  4  

Penalty Kill 4 Players Forward 
   Center                   Wing                     Time % Phy DF OF 
 1 Mikael Granlund          Noel Acciari             50     1   4  0  
 2 Teuvo Teravainen         Marcus Foligno           50     2   3  0  

Penalty Kill 4 Players Defense
   Defense                  Defense                  Time % Phy DF OF 
 1 Olli Maatta              Adam Larsson             60     1   4  0  
 2 Luke Schenn              Jake Walman              40     2   3  0  

Penalty Kill - 3 Players Forward 
   Forward                                           Time % Phy DF OF 
 1 Mikael Granlund                                   50     0   5  0  
 2 Noel Acciari                                      50     0   5  0  

Penalty Kill - 3 Players Defense
   Defense                  Defense                  Time % Phy DF OF 
 1 Olli Maatta              Adam Larsson             50     0   4  0  
 2 Jake Walman              Luke Schenn              50     0   5  0  

4 vs 4 Forward 
   Center                   Wing                     Time % Phy DF OF 
 1 Nathan MacKinnon         Artemi Panarin           50     0   2  3  
 2 Evgeni Malkin            Cole Caufield            50     0   2  3  

4 vs 4 Defense
   Defense                  Defense                  Time % Phy DF OF 
 1 Victor Hedman            Jake Walman              50     1   2  2  
 2 Adam Larsson             Luke Schenn              50     1   2  2  

Last Minutes Offensive
   Center                   Left Wing                Right Wing               Defense                  Defense                  
   Nathan MacKinnon         Cole Caufield            Artemi Panarin           Victor Hedman            Jake Walman              

Last Minutes Defensive
   Center                   Left Wing                Right Wing               Defense                  Defense                  
   Mikael Granlund          Noel Acciari             Teuvo Teravainen         Adam Larsson             Jake Walman              

Goaltenders
Starting : Igor Shesterkin          
Backup : Kevin Lankinen           

Extra Forwards
Normal : Timo Meier, Dylan Strome, Teuvo Teravainen - PP : Timo Meier, Dylan Strome - PK : Teuvo Teravainen
Extra Defensemen
Normal : Adam Larsson, Olli Maatta, Jake Walman - PP : Adam Larsson - PK : Olli Maatta, Jake Walman
Penalty Shots
Nathan MacKinnon, Evgeni Malkin, Mikael Granlund, Artemi Panarin, Kyle Palmieri

Scratches
None

Boston Bruins

5 vs 5 Forward 
   Center                   Left Wing                Right Wing               Time % Phy DF OF 
 1 Ryan Strome              Alex Laferriere          Jaden Schwartz           30     1   2  2  
 2 Aatu Raty                Viktor Arvidsson         Maxim Tsyplakov          30     1   2  2  
 3 Sam Morton               Joel Farabee             Taylor Raddysh           25     1   2  2  
 4 Beck Malenstyn           Jakob Pelletier          Ozzy Wiesblatt           15     1   2  2  

5 vs 5 Defense 
   Defense                  Defense                                           Time % Phy DF OF 
 1 Samuel Girard            Rasmus Sandin                                     35     1   2  2  
 2 Adam Wilsby              Urho Vaakanainen                                  35     1   2  2  
 3 Jack Thompson            Victor Mancini                                    30     1   2  2  
 4 Rasmus Sandin            Samuel Girard                                     0      1   2  2  

PowerPlay Forward 
   Center                   Left Wing                Right Wing               Time % Phy DF OF 
 1 Ryan Strome              Alex Laferriere          Jaden Schwartz           50     1   2  2  
 2 Beck Malenstyn           Viktor Arvidsson         Maxim Tsyplakov          50     1   2  2  

PowerPlay Defense
   Defense                  Defense                                           Time % Phy DF OF 
 1 Samuel Girard            Rasmus Sandin                                     50     1   2  2  
 2 Victor Mancini           Urho Vaakanainen                                  50     1   2  2  

Penalty Kill 4 Players Forward 
   Center                   Wing                     Time % Phy DF OF 
 1 Alex Laferriere          Maxim Tsyplakov          50     1   2  2  
 2 Ryan Strome              Viktor Arvidsson         50     1   2  2  

Penalty Kill 4 Players Defense
   Defense                  Defense                  Time % Phy DF OF 
 1 Samuel Girard            Rasmus Sandin            50     1   2  2  
 2 Victor Mancini           Urho Vaakanainen         50     1   2  2  

Penalty Kill - 3 Players Forward 
   Forward                                           Time % Phy DF OF 
 1 Alex Laferriere                                   50     1   2  2  
 2 Ryan Strome                                       50     1   2  2  

Penalty Kill - 3 Players Defense
   Defense                  Defense                  Time % Phy DF OF 
 1 Samuel Girard            Rasmus Sandin            50     1   2  2  
 2 Victor Mancini           Urho Vaakanainen         50     1   2  2  

4 vs 4 Forward 
   Center                   Wing                     Time % Phy DF OF 
 1 Alex Laferriere          Joel Farabee             50     1   2  2  
 2 Ryan Strome              Viktor Arvidsson         50     1   2  2  

4 vs 4 Defense
   Defense                  Defense                  Time % Phy DF OF 
 1 Samuel Girard            Rasmus Sandin            50     1   2  2  
 2 Adam Wilsby              Urho Vaakanainen         50     1   2  2  

Last Minutes Offensive
   Center                   Left Wing                Right Wing               Defense                  Defense                  
   Ryan Strome              Alex Laferriere          Jaden Schwartz           Samuel Girard            Rasmus Sandin            

Last Minutes Defensive
   Center                   Left Wing                Right Wing               Defense                  Defense                  
   Ryan Strome              Alex Laferriere          Jaden Schwartz           Samuel Girard            Rasmus Sandin            

Goaltenders
Starting : Marcus Hogberg           
Backup : Petr Mrazek              

Extra Forwards
Normal : Jakob Pelletier, Joel Farabee, Beck Malenstyn - PP : Jakob Pelletier, Joel Farabee - PK : Beck Malenstyn
Extra Defensemen
Normal : Samuel Girard, Victor Mancini, Rasmus Sandin - PP : Rasmus Sandin - PK : Victor Mancini, Samuel Girard
Penalty Shots
Alex Laferriere, Jakob Pelletier, Ryan Strome, Viktor Arvidsson, Maxim Tsyplakov

Scratches
Jake Neighbours (Healthy), John Marino (Healthy), Mark Kastelic (Healthy), Philippe Daoust (Healthy), Leevi Merilainen (Healthy)

% Time on Ice - New York Rangers

Lines # - Real PCT - Wanted PCT - Time Play
Normal Forward
1 - 38% - 40% - 19:59
2 - 26% - 30% - 14:01
3 - 23% - 20% - 12:15
4 - 13% - 10% - 6:48
Normal Defense
1 - 39% - 40% - 20:55
2 - 35% - 35% - 18:40
3 - 24% - 25% - 12:48
4 - 1% - 0% - 0:40
PP Forward
1 - 72% - 50% - 1:30
2 - 28% - 50% - 0:35
PP Defense
1 - 100% - 65% - 2:05
2 - 0% - 35% - 0:00
PK Forward
1 - 48% - 50% - 2:19
2 - 52% - 50% - 2:33
PK Defense
1 - 58% - 60% - 2:48
2 - 42% - 40% - 2:04
PK3 Forward
1 - 0% - 50%
2 - 0% - 50%
PK3 Defense
1 - 0% - 50%
2 - 0% - 50%
44 Forward
1 - 0% - 50%
2 - 0% - 50%
44 Defense
1 - 0% - 50%
2 - 0% - 50%
Last Minute Offensive  - 0:00
Last Minute Defensive  - 0:00
Total
Forward - 60:00
Defense - 60:00

% Time on Ice - Boston Bruins

Lines # - Real PCT - Wanted PCT - Time Play
Normal Forward
1 - 29% - 30% - 15:11
2 - 28% - 30% - 14:57
3 - 26% - 25% - 13:41
4 - 17% - 15% - 9:14
Normal Defense
1 - 35% - 35% - 18:27
2 - 35% - 35% - 18:19
3 - 31% - 30% - 16:17
4 - 0% - 0% - 0:00
PP Forward
1 - 53% - 50% - 2:35
2 - 47% - 50% - 2:17
PP Defense
1 - 65% - 50% - 3:10
2 - 35% - 50% - 1:42
PK Forward
1 - 41% - 50% - 0:51
2 - 59% - 50% - 1:14
PK Defense
1 - 48% - 50% - 1:00
2 - 52% - 50% - 1:05
PK3 Forward
1 - 0% - 50%
2 - 0% - 50%
PK3 Defense
1 - 0% - 50%
2 - 0% - 50%
44 Forward
1 - 0% - 50%
2 - 0% - 50%
44 Defense
1 - 0% - 50%
2 - 0% - 50%
Last Minute Offensive  - 0:00
Last Minute Defensive  - 0:00
Total
Forward - 60:00
Defense - 60:00

Play-by-Play

1st period


0:01 of 1st period - Ryan Strome wins face-off versus Nathan MacKinnon in neutral zone.
0:10 of 1st period - Snap shot by Cole Caufield.
0:10 of 1st period - Stopped by Marcus Hogberg with a rebound.
0:12 of 1st period - Backhand shot by Jake Walman.
0:12 of 1st period - Deflect By Cole Caufield.
0:12 of 1st period - Shot Hit the Post.
0:12 of 1st period - Puck is out of play.
0:13 of 1st period - Evgeni Malkin wins face-off versus Aatu Raty in Boston Bruins zone.
0:50 of 1st period - Wrist shot by Sam Morton.
0:50 of 1st period - Shot Misses the Net.
1:18 of 1st period - Wrist shot by Artemi Panarin.
1:18 of 1st period - Deflect By Nathan MacKinnon.
1:18 of 1st period - Stopped by Marcus Hogberg without a rebound.
1:19 of 1st period - Aatu Raty wins face-off versus Noel Acciari in Boston Bruins zone.
1:53 of 1st period - Wrist shot by Alex Laferriere.
1:53 of 1st period - Stopped by Igor Shesterkin without a rebound.
1:54 of 1st period - Evgeni Malkin wins face-off versus Sam Morton in New York Rangers zone.
1:59 of 1st period - Snap shot by Timo Meier.
1:59 of 1st period - Stopped by Marcus Hogberg with a rebound.
2:23 of 1st period - Wrist shot by Dylan Strome.
2:23 of 1st period - Shot Misses the Net.
2:57 of 1st period - Snap shot by Taylor Raddysh.
2:57 of 1st period - Stopped by Igor Shesterkin without a rebound.
2:58 of 1st period - Nathan MacKinnon wins face-off versus Ryan Strome in New York Rangers zone.
3:05 of 1st period - Snap shot by Alex Laferriere.
3:05 of 1st period - Stopped by Igor Shesterkin without a rebound.
3:06 of 1st period - Ryan Strome wins face-off versus Nathan MacKinnon in New York Rangers zone.
3:07 of 1st period - Snap shot by Jaden Schwartz.
3:07 of 1st period - Shot Misses the Net.
3:28 of 1st period - Icing by Jake Walman.
3:29 of 1st period - Nathan MacKinnon wins face-off versus Aatu Raty in New York Rangers zone.
4:16 of 1st period - Wrist shot by Maxim Tsyplakov.
4:16 of 1st period - Deflect By Conor Garland.
4:16 of 1st period - Stopped by Igor Shesterkin without a rebound.
4:17 of 1st period - Beck Malenstyn wins face-off versus Nathan MacKinnon in New York Rangers zone.
4:18 of 1st period - Slapshot by Jakob Pelletier.
4:18 of 1st period - Shot Misses the Net.
4:20 of 1st period - Slapshot by Rasmus Sandin.
4:20 of 1st period - Shot Blocked by Cole Caufield.
4:22 of 1st period - Wrist shot by Ozzy Wiesblatt.
4:22 of 1st period - Shot Misses the Net.
4:31 of 1st period - Off-side.
4:32 of 1st period - Alex Laferriere wins face-off versus Timo Meier in neutral zone.
4:50 of 1st period - Icing by Luke Schenn.
4:51 of 1st period - Evgeni Malkin wins face-off versus Beck Malenstyn in New York Rangers zone.
5:00 of 1st period - Wrist shot by Timo Meier.
5:00 of 1st period - Shot Misses the Net.
5:08 of 1st period - Snap shot by Evgeni Malkin.
5:08 of 1st period - Shot Blocked by Beck Malenstyn.
5:22 of 1st period - Wrist shot by Nathan MacKinnon.
5:22 of 1st period - Shot Blocked by Adam Wilsby.
5:24 of 1st period - Snap shot by Luke Schenn.
5:24 of 1st period - Stopped by Marcus Hogberg with a rebound.
5:28 of 1st period - Snap shot by Nathan MacKinnon.
5:28 of 1st period - Deflect By Artemi Panarin.
5:28 of 1st period - Shot Misses the Net.
5:28 of 1st period - Puck is out of play.
5:29 of 1st period - Nathan MacKinnon wins face-off versus Aatu Raty in Boston Bruins zone.
5:42 of 1st period - Slapshot by Viktor Arvidsson.
5:42 of 1st period - Shot Blocked by Dmitry Kulikov.
5:44 of 1st period - Backhand shot by Samuel Girard.
5:44 of 1st period - Stopped by Igor Shesterkin with a rebound.
6:00 of 1st period - Icing by Artemi Panarin.
6:01 of 1st period - Nathan MacKinnon wins face-off versus Sam Morton in New York Rangers zone.
6:22 of 1st period - Snap shot by Sam Morton.
6:22 of 1st period - Stopped by Igor Shesterkin without a rebound.
6:23 of 1st period - Ryan Strome wins face-off versus Dylan Strome in New York Rangers zone.
6:24 of 1st period - Snap shot by Alex Laferriere.
6:24 of 1st period - Stopped by Igor Shesterkin without a rebound.
6:25 of 1st period - Dylan Strome wins face-off versus Ryan Strome in New York Rangers zone.
7:09 of 1st period - Icing by Viktor Arvidsson.
7:10 of 1st period - Nathan MacKinnon wins face-off versus Beck Malenstyn in Boston Bruins zone.
7:50 of 1st period - Icing by Urho Vaakanainen.
7:51 of 1st period - Dylan Strome wins face-off versus Jaden Schwartz in Boston Bruins zone.
8:06 of 1st period - Slapshot by Mikael Granlund.
8:06 of 1st period - Stopped by Marcus Hogberg with a rebound.
8:08 of 1st period - Slapshot by Luke Schenn.
8:08 of 1st period - Shot Blocked by Jaden Schwartz.
8:26 of 1st period - Wrist shot by Cole Caufield.
8:26 of 1st period - Stopped by Marcus Hogberg with a rebound.
8:28 of 1st period - Slapshot by Adam Larsson.
8:28 of 1st period - Stopped by Marcus Hogberg with a rebound.
8:38 of 1st period - Dmitry Kulikov is hit by Adam Wilsby and loses puck.
9:39 of 1st period - Artemi Panarin is hit by Alex Laferriere and loses puck.
9:50 of 1st period - Snap shot by Artemi Panarin.
9:50 of 1st period - Stopped by Marcus Hogberg without a rebound.
9:51 of 1st period - Sam Morton wins face-off versus Dylan Strome in Boston Bruins zone.
9:58 of 1st period - Slapshot by Taylor Raddysh.
9:58 of 1st period - Shot Misses the Net.
10:14 of 1st period - Teuvo Teravainen is hit by Maxim Tsyplakov and loses puck.
10:47 of 1st period - Victor Hedman is hit by Ozzy Wiesblatt and loses puck.
11:40 of 1st period - Off-side.
11:41 of 1st period - Aatu Raty wins face-off versus Noel Acciari in neutral zone.
11:49 of 1st period - Dmitry Kulikov is hit by Samuel Girard and loses puck.
11:56 of 1st period - Maxim Tsyplakov is hit by Marcus Foligno and loses puck.
12:32 of 1st period - Alex Laferriere is hit by Adam Larsson and loses puck.
12:51 of 1st period - Olli Maatta is hit by Jakob Pelletier and loses puck.
12:58 of 1st period - Adam Wilsby is hit by Noel Acciari and loses puck.
13:20 of 1st period - Adam Larsson is hit by Viktor Arvidsson and loses puck.
13:35 of 1st period - Adam Larsson is hit by Jack Thompson and loses puck.
14:01 of 1st period - Icing by Jack Thompson.
14:02 of 1st period - Nathan MacKinnon wins face-off versus Ryan Strome in Boston Bruins zone.
14:31 of 1st period - Slapshot by Jaden Schwartz.
14:31 of 1st period - Shot Hit the Post.
15:14 of 1st period - Icing by Rasmus Sandin.
15:15 of 1st period - Mikael Granlund wins face-off versus Beck Malenstyn in Boston Bruins zone.
15:18 of 1st period - Snap shot by Mikael Granlund.
15:18 of 1st period - Stopped by Marcus Hogberg with a rebound.
15:20 of 1st period - Snap shot by Teuvo Teravainen.
15:20 of 1st period - Shot Blocked by Adam Wilsby.
15:22 of 1st period - Wrist shot by Teuvo Teravainen.
15:22 of 1st period - Shot Hit the Post.
16:06 of 1st period - Slapshot by Ozzy Wiesblatt.
16:06 of 1st period - Shot Blocked by Mikael Granlund.
16:08 of 1st period - Slapshot by Adam Wilsby.
16:08 of 1st period - Shot Misses the Net.
16:12 of 1st period - Wrist shot by Jakob Pelletier.
16:12 of 1st period - Deflect By Victor Hedman.
16:12 of 1st period - Shot Misses the Net.
16:12 of 1st period - Puck is out of play.
16:13 of 1st period - Nathan MacKinnon wins face-off versus Aatu Raty in New York Rangers zone.
16:19 of 1st period - Off-side.
16:20 of 1st period - Aatu Raty wins face-off versus Nathan MacKinnon in neutral zone.
16:49 of 1st period - Wrist shot by Kyle Palmieri.
16:49 of 1st period - Shot Misses the Net.
16:51 of 1st period - Snap shot by Kyle Palmieri.
16:51 of 1st period - Goal by Kyle Palmieri - New York Rangers : 1 - Boston Bruins : 0.
16:52 of 1st period - Aatu Raty wins face-off versus Nathan MacKinnon in neutral zone.
17:19 of 1st period - Minor Penalty to Evgeni Malkin for Tripping.
17:20 of 1st period - Mikael Granlund wins face-off versus Ryan Strome in New York Rangers zone.
17:56 of 1st period - Snap shot by Viktor Arvidsson.
17:56 of 1st period - Stopped by Igor Shesterkin without a rebound.
17:57 of 1st period - Mikael Granlund wins face-off versus Ryan Strome in New York Rangers zone.
18:12 of 1st period - Snap shot by Ryan Strome.
18:12 of 1st period - Goal by Ryan Strome - New York Rangers : 1 - Boston Bruins : 1.
18:13 of 1st period - Sam Morton wins face-off versus Nathan MacKinnon in neutral zone.
18:45 of 1st period - Snap shot by Alex Laferriere.
18:45 of 1st period - Stopped by Igor Shesterkin without a rebound.
18:46 of 1st period - Nathan MacKinnon wins face-off versus Ryan Strome in New York Rangers zone.
19:11 of 1st period - Evgeni Malkin is hit by Viktor Arvidsson and loses puck.
19:48 of 1st period - Wrist shot by Viktor Arvidsson.
19:48 of 1st period - Stopped by Igor Shesterkin with a rebound.
19:54 of 1st period - Snap shot by Aatu Raty.
19:54 of 1st period - Stopped by Igor Shesterkin with a rebound.
19:56 of 1st period - Backhand shot by Maxim Tsyplakov.
19:56 of 1st period - Shot Misses the Net.
19:58 of 1st period - Snap shot by Maxim Tsyplakov.
19:58 of 1st period - Shot Misses the Net.
Goals for this period are 1 for New York Rangers vs 1 for Boston Bruins.
Shots for this period are 10 for New York Rangers vs 12 for Boston Bruins.

2nd period


0:01 of 2nd period - Nathan MacKinnon wins face-off versus Sam Morton in neutral zone.
0:03 of 2nd period - Off-side.
0:04 of 2nd period - Nathan MacKinnon wins face-off versus Taylor Raddysh in neutral zone.
0:07 of 2nd period - Snap shot by Cole Caufield.
0:07 of 2nd period - Deflect By Nathan MacKinnon.
0:07 of 2nd period - Stopped by Marcus Hogberg without a rebound.
0:08 of 2nd period - Sam Morton wins face-off versus Nathan MacKinnon in Boston Bruins zone.
0:17 of 2nd period - Slapshot by Nathan MacKinnon.
0:17 of 2nd period - Shot Misses the Net.
0:19 of 2nd period - Snap shot by Artemi Panarin.
0:19 of 2nd period - Deflect By Nathan MacKinnon.
0:19 of 2nd period - Stopped by Marcus Hogberg with a rebound.
0:21 of 2nd period - Snap shot by Artemi Panarin.
0:21 of 2nd period - Stopped by Marcus Hogberg without a rebound.
0:22 of 2nd period - Ryan Strome wins face-off versus Nathan MacKinnon in Boston Bruins zone.
0:22 of 2nd period - Ryan Strome is hit by Adam Larsson.
0:34 of 2nd period - Snap shot by Ryan Strome.
0:34 of 2nd period - Shot Misses the Net.
1:24 of 2nd period - Slapshot by Conor Garland.
1:24 of 2nd period - Shot Misses the Net.
1:55 of 2nd period - Ryan Strome is hit by Nathan MacKinnon and loses puck.
2:41 of 2nd period - Snap shot by Conor Garland.
2:41 of 2nd period - Shot Blocked by Urho Vaakanainen.
2:43 of 2nd period - Snap shot by Marcus Foligno.
2:43 of 2nd period - Shot Misses the Net.
2:45 of 2nd period - Snap shot by Adam Larsson.
2:45 of 2nd period - Shot Blocked by Joel Farabee.
2:47 of 2nd period - Slapshot by Adam Larsson.
2:47 of 2nd period - Shot Misses the Net.
3:49 of 2nd period - Wrist shot by Dylan Strome.
3:49 of 2nd period - Stopped by Marcus Hogberg with a rebound.
3:57 of 2nd period - Snap shot by Viktor Arvidsson.
3:57 of 2nd period - Stopped by Igor Shesterkin without a rebound.
3:58 of 2nd period - Ryan Strome wins face-off versus Nathan MacKinnon in New York Rangers zone.
4:11 of 2nd period - Snap shot by Ryan Strome.
4:11 of 2nd period - Deflect By Nathan MacKinnon.
4:11 of 2nd period - Stopped by Igor Shesterkin without a rebound.
4:12 of 2nd period - Ryan Strome wins face-off versus Nathan MacKinnon in New York Rangers zone.
4:21 of 2nd period - Wrist shot by Artemi Panarin.
4:21 of 2nd period - Shot Hit the Post.
4:23 of 2nd period - Slapshot by Jake Walman.
4:23 of 2nd period - Shot Blocked by Jack Thompson.
4:25 of 2nd period - Snap shot by Cole Caufield.
4:25 of 2nd period - Stopped by Marcus Hogberg without a rebound.
4:26 of 2nd period - Sam Morton wins face-off versus Nathan MacKinnon in Boston Bruins zone.
4:26 of 2nd period - Sam Morton is hit by Nathan MacKinnon.
4:53 of 2nd period - Off-side.
4:54 of 2nd period - Timo Meier wins face-off versus Ryan Strome in neutral zone.
5:05 of 2nd period - Snap shot by Evgeni Malkin.
5:05 of 2nd period - Shot Misses the Net.
5:07 of 2nd period - Slapshot by Olli Maatta.
5:07 of 2nd period - Stopped by Marcus Hogberg without a rebound.
5:08 of 2nd period - Nathan MacKinnon wins face-off versus Ryan Strome in Boston Bruins zone.
5:17 of 2nd period - Snap shot by Cole Caufield.
5:17 of 2nd period - Deflect By Ryan Strome.
5:17 of 2nd period - Stopped by Marcus Hogberg without a rebound.
5:18 of 2nd period - Ryan Strome wins face-off versus Nathan MacKinnon in Boston Bruins zone.
5:18 of 2nd period - Ryan Strome is hit by Jake Walman.
5:38 of 2nd period - Snap shot by Nathan MacKinnon.
5:38 of 2nd period - Shot Blocked by Jaden Schwartz.
6:16 of 2nd period - Snap shot by Alex Laferriere.
6:16 of 2nd period - Shot Misses the Net.
6:42 of 2nd period - Wrist shot by Artemi Panarin.
6:42 of 2nd period - Stopped by Marcus Hogberg with a rebound.
6:56 of 2nd period - Slapshot by Jaden Schwartz.
6:56 of 2nd period - Shot Misses the Net.
6:58 of 2nd period - Wrist shot by Jaden Schwartz.
6:58 of 2nd period - Stopped by Igor Shesterkin without a rebound.
6:59 of 2nd period - Sam Morton wins face-off versus Evgeni Malkin in New York Rangers zone.
7:02 of 2nd period - Slapshot by Joel Farabee.
7:02 of 2nd period - Shot Blocked by Kyle Palmieri.
7:37 of 2nd period - Slapshot by Mikael Granlund.
7:37 of 2nd period - Shot Misses the Net.
7:39 of 2nd period - Snap shot by Mikael Granlund.
7:39 of 2nd period - Shot Blocked by Samuel Girard.
7:48 of 2nd period - Minor Penalty to Marcus Foligno for High sticking.
7:49 of 2nd period - Teuvo Teravainen wins face-off versus Beck Malenstyn in New York Rangers zone.
9:33 of 2nd period - Evgeni Malkin is hit by Viktor Arvidsson and loses puck.
9:48 of 2nd period - Penalty to Marcus Foligno is over, Marcus Foligno is back on ice.
9:50 of 2nd period - Wrist shot by Teuvo Teravainen.
9:50 of 2nd period - Stopped by Marcus Hogberg with a rebound.
9:52 of 2nd period - Snap shot by Marcus Foligno.
9:52 of 2nd period - Deflect By Teuvo Teravainen.
9:52 of 2nd period - Shot Blocked by Victor Mancini.
9:52 of 2nd period - Puck is out of play.
9:53 of 2nd period - Taylor Raddysh wins face-off versus Evgeni Malkin in Boston Bruins zone.
10:00 of 2nd period - Snap shot by Timo Meier.
10:00 of 2nd period - Stopped by Marcus Hogberg with a rebound.
10:02 of 2nd period - Slapshot by Timo Meier.
10:02 of 2nd period - Stopped by Marcus Hogberg with a rebound.
10:04 of 2nd period - Slapshot by Dmitry Kulikov.
10:04 of 2nd period - Shot Misses the Net.
10:39 of 2nd period - Victor Hedman is hit by Joel Farabee and loses puck.
11:53 of 2nd period - Snap shot by Conor Garland.
11:53 of 2nd period - Stopped by Marcus Hogberg without a rebound.
11:54 of 2nd period - Evgeni Malkin wins face-off versus Ryan Strome in Boston Bruins zone.
11:57 of 2nd period - Wrist shot by Evgeni Malkin.
11:57 of 2nd period - Stopped by Marcus Hogberg with a rebound.
12:12 of 2nd period - Minor Penalty to Luke Schenn for Hooking.
12:13 of 2nd period - Ryan Strome wins face-off versus Mikael Granlund in New York Rangers zone.
12:13 of 2nd period - Snap shot by Alex Laferriere.
12:13 of 2nd period - Goal by Alex Laferriere - New York Rangers : 1 - Boston Bruins : 2.
12:14 of 2nd period - Nathan MacKinnon wins face-off versus Aatu Raty in neutral zone.
12:41 of 2nd period - Luke Schenn is hit by Beck Malenstyn.
13:22 of 2nd period - Teuvo Teravainen is hit by Joel Farabee and loses puck.
13:29 of 2nd period - Snap shot by Joel Farabee.
13:29 of 2nd period - Shot Misses the Net.
13:35 of 2nd period - Snap shot by Joel Farabee.
13:35 of 2nd period - Shot Misses the Net.
13:51 of 2nd period - Snap shot by Artemi Panarin.
13:51 of 2nd period - Shot Misses the Net.
14:34 of 2nd period - Slapshot by Beck Malenstyn.
14:34 of 2nd period - Stopped by Igor Shesterkin with a rebound.
14:36 of 2nd period - Slapshot by Samuel Girard.
14:36 of 2nd period - Stopped by Igor Shesterkin with a rebound.
14:38 of 2nd period - Snap shot by Jakob Pelletier.
14:38 of 2nd period - Stopped by Igor Shesterkin without a rebound.
14:39 of 2nd period - Aatu Raty wins face-off versus Artemi Panarin in New York Rangers zone.
15:06 of 2nd period - Backhand shot by Maxim Tsyplakov.
15:06 of 2nd period - Shot Blocked by Adam Larsson.
15:08 of 2nd period - Snap shot by Alex Laferriere.
15:08 of 2nd period - Stopped by Igor Shesterkin without a rebound.
15:09 of 2nd period - Ryan Strome wins face-off versus Evgeni Malkin in New York Rangers zone.
15:30 of 2nd period - Slapshot by Evgeni Malkin.
15:30 of 2nd period - Stopped by Marcus Hogberg without a rebound.
15:31 of 2nd period - Aatu Raty wins face-off versus Nathan MacKinnon in Boston Bruins zone.
16:22 of 2nd period - Ryan Strome is hit by Adam Larsson and loses puck.
17:47 of 2nd period - Wrist shot by Sam Morton.
17:47 of 2nd period - Stopped by Igor Shesterkin without a rebound.
17:48 of 2nd period - Dylan Strome wins face-off versus Sam Morton in New York Rangers zone.
18:26 of 2nd period - Icing by Victor Hedman.
18:27 of 2nd period - Dylan Strome wins face-off versus Maxim Tsyplakov in New York Rangers zone.
18:58 of 2nd period - Snap shot by Artemi Panarin.
18:58 of 2nd period - Stopped by Marcus Hogberg without a rebound.
18:59 of 2nd period - Nathan MacKinnon wins face-off versus Ryan Strome in Boston Bruins zone.
19:41 of 2nd period - Minor Penalty to Viktor Arvidsson for Tripping.
19:42 of 2nd period - Alex Laferriere wins face-off versus Nathan MacKinnon in Boston Bruins zone.
19:47 of 2nd period - Alex Laferriere is hit by Nathan MacKinnon and loses puck.
Goals for this period are 0 for New York Rangers vs 1 for Boston Bruins.
Shots for this period are 15 for New York Rangers vs 9 for Boston Bruins.

3rd period


0:01 of 3rd period - Dylan Strome wins face-off versus Beck Malenstyn in neutral zone.
0:27 of 3rd period - Evgeni Malkin is hit by Maxim Tsyplakov and loses puck.
0:38 of 3rd period - Snap shot by Artemi Panarin.
0:38 of 3rd period - Shot Misses the Net.
1:25 of 3rd period - Nathan MacKinnon is hit by Beck Malenstyn and loses puck.
1:41 of 3rd period - Penalty to Viktor Arvidsson is over, Viktor Arvidsson is back on ice.
3:12 of 3rd period - Conor Garland is hit by Beck Malenstyn and loses puck.
3:19 of 3rd period - Conor Garland is hit by Jakob Pelletier and loses puck.
3:38 of 3rd period - Teuvo Teravainen is hit by Aatu Raty.
3:46 of 3rd period - Snap shot by Maxim Tsyplakov.
3:46 of 3rd period - Stopped by Igor Shesterkin without a rebound.
3:47 of 3rd period - Nathan MacKinnon wins face-off versus Ryan Strome in New York Rangers zone.
3:56 of 3rd period - Snap shot by Nathan MacKinnon.
3:56 of 3rd period - Deflect By Artemi Panarin.
3:56 of 3rd period - Shot Misses the Net.
3:56 of 3rd period - Puck is out of play.
3:57 of 3rd period - Ryan Strome wins face-off versus Dylan Strome in Boston Bruins zone.
4:06 of 3rd period - Slapshot by Dylan Strome.
4:06 of 3rd period - Shot Misses the Net.
4:08 of 3rd period - Slapshot by Olli Maatta.
4:08 of 3rd period - Shot Misses the Net.
4:10 of 3rd period - Snap shot by Teuvo Teravainen.
4:10 of 3rd period - Shot Blocked by Rasmus Sandin.
4:12 of 3rd period - Slapshot by Dmitry Kulikov.
4:12 of 3rd period - Shot Blocked by Rasmus Sandin.
4:14 of 3rd period - Slapshot by Teuvo Teravainen.
4:14 of 3rd period - Shot Misses the Net.
5:18 of 3rd period - Snap shot by Ryan Strome.
5:18 of 3rd period - Shot Hit the Post.
5:30 of 3rd period - Snap shot by Beck Malenstyn.
5:30 of 3rd period - Stopped by Igor Shesterkin without a rebound.
5:31 of 3rd period - Beck Malenstyn wins face-off versus Dylan Strome in New York Rangers zone.
5:34 of 3rd period - Wrist shot by Beck Malenstyn.
5:34 of 3rd period - Shot Misses the Net.
5:36 of 3rd period - Snap shot by Beck Malenstyn.
5:36 of 3rd period - Stopped by Igor Shesterkin with a rebound.
5:38 of 3rd period - Slapshot by Urho Vaakanainen.
5:38 of 3rd period - Shot Misses the Net.
5:40 of 3rd period - Slapshot by Urho Vaakanainen.
5:40 of 3rd period - Shot Blocked by Dmitry Kulikov.
5:42 of 3rd period - Backhand shot by Jakob Pelletier.
5:42 of 3rd period - Stopped by Igor Shesterkin with a rebound.
5:44 of 3rd period - Wrist shot by Ozzy Wiesblatt.
5:44 of 3rd period - Shot Misses the Net.
5:46 of 3rd period - Slapshot by Beck Malenstyn.
5:46 of 3rd period - Stopped by Igor Shesterkin with a rebound.
5:48 of 3rd period - Snap shot by Jakob Pelletier.
5:48 of 3rd period - Stopped by Igor Shesterkin with a rebound.
5:50 of 3rd period - Slapshot by Ozzy Wiesblatt.
5:50 of 3rd period - Stopped by Igor Shesterkin with a rebound.
5:52 of 3rd period - Wrist shot by Ozzy Wiesblatt.
5:52 of 3rd period - Shot Misses the Net.
5:54 of 3rd period - Wrist shot by Urho Vaakanainen.
5:54 of 3rd period - Stopped by Igor Shesterkin without a rebound.
5:55 of 3rd period - Nathan MacKinnon wins face-off versus Aatu Raty in New York Rangers zone.
6:21 of 3rd period - Jaden Schwartz is hit by Jake Walman and loses puck.
6:34 of 3rd period - Wrist shot by Kyle Palmieri.
6:34 of 3rd period - Shot Misses the Net.
6:52 of 3rd period - Wrist shot by Mikael Granlund.
6:52 of 3rd period - Deflect By Teuvo Teravainen.
6:52 of 3rd period - Shot Blocked by Sam Morton.
6:52 of 3rd period - Puck is out of play.
6:53 of 3rd period - Nathan MacKinnon wins face-off versus Aatu Raty in Boston Bruins zone.
6:56 of 3rd period - Snap shot by Nathan MacKinnon.
6:56 of 3rd period - Stopped by Marcus Hogberg without a rebound.
6:57 of 3rd period - Artemi Panarin wins face-off versus Aatu Raty in Boston Bruins zone.
7:10 of 3rd period - Slapshot by Artemi Panarin.
7:10 of 3rd period - Deflect By Nathan MacKinnon.
7:10 of 3rd period - Stopped by Marcus Hogberg without a rebound.
7:11 of 3rd period - Nathan MacKinnon wins face-off versus Joel Farabee in Boston Bruins zone.
7:12 of 3rd period - Wrist shot by Cole Caufield.
7:12 of 3rd period - Stopped by Marcus Hogberg with a rebound.
7:36 of 3rd period - Aatu Raty is hit by Timo Meier and loses puck.
8:44 of 3rd period - Slapshot by Olli Maatta.
8:44 of 3rd period - Shot Blocked by Sam Morton.
8:46 of 3rd period - Snap shot by Artemi Panarin.
8:46 of 3rd period - Shot Misses the Net.
8:50 of 3rd period - Snap shot by Nathan MacKinnon.
8:50 of 3rd period - Stopped by Marcus Hogberg with a rebound.
8:52 of 3rd period - Slapshot by Dmitry Kulikov.
8:52 of 3rd period - Shot Misses the Net.
8:54 of 3rd period - Slapshot by Cole Caufield.
8:54 of 3rd period - Goal by Cole Caufield - New York Rangers : 2 - Boston Bruins : 2.
8:55 of 3rd period - Aatu Raty wins face-off versus Nathan MacKinnon in neutral zone.
9:10 of 3rd period - Maxim Tsyplakov is hit by Jake Walman and loses puck.
10:11 of 3rd period - Slapshot by Nathan MacKinnon.
10:11 of 3rd period - Stopped by Marcus Hogberg with a rebound.
10:36 of 3rd period - Victor Mancini is hit by Evgeni Malkin.
10:39 of 3rd period - Off-side.
10:40 of 3rd period - Nathan MacKinnon wins face-off versus Aatu Raty in neutral zone.
11:32 of 3rd period - Snap shot by Kyle Palmieri.
11:32 of 3rd period - Stopped by Marcus Hogberg with a rebound.
11:34 of 3rd period - Slapshot by Adam Larsson.
11:34 of 3rd period - Stopped by Marcus Hogberg with a rebound.
11:36 of 3rd period - Slapshot by Adam Larsson.
11:36 of 3rd period - Stopped by Marcus Hogberg without a rebound.
11:37 of 3rd period - Ryan Strome wins face-off versus Nathan MacKinnon in Boston Bruins zone.
12:10 of 3rd period - Icing by Kyle Palmieri.
12:11 of 3rd period - Sam Morton wins face-off versus Evgeni Malkin in New York Rangers zone.
13:07 of 3rd period - Snap shot by Jakob Pelletier.
13:07 of 3rd period - Shot Blocked by Jake Walman.
13:15 of 3rd period - Snap shot by Dylan Strome.
13:15 of 3rd period - Goal by Dylan Strome - New York Rangers : 3 - Boston Bruins : 2.
13:16 of 3rd period - Aatu Raty wins face-off versus Nathan MacKinnon in neutral zone.
13:27 of 3rd period - Slapshot by Viktor Arvidsson.
13:27 of 3rd period - Shot Misses the Net.
14:12 of 3rd period - Snap shot by Artemi Panarin.
14:12 of 3rd period - Stopped by Marcus Hogberg with a rebound.
15:05 of 3rd period - Slapshot by Artemi Panarin.
15:05 of 3rd period - Stopped by Marcus Hogberg without a rebound.
15:06 of 3rd period - Evgeni Malkin wins face-off versus Sam Morton in Boston Bruins zone.
16:07 of 3rd period - Backhand shot by Jakob Pelletier.
16:07 of 3rd period - Deflect By Beck Malenstyn.
16:07 of 3rd period - Stopped by Igor Shesterkin with a rebound.
16:17 of 3rd period - Snap shot by Beck Malenstyn.
16:17 of 3rd period - Stopped by Igor Shesterkin without a rebound.
16:18 of 3rd period - Evgeni Malkin wins face-off versus Sam Morton in New York Rangers zone.
16:20 of 3rd period - Minor Penalty to Timo Meier for High sticking.
16:21 of 3rd period - Mikael Granlund wins face-off versus Ryan Strome in New York Rangers zone.
17:04 of 3rd period - Snap shot by Alex Laferriere.
17:04 of 3rd period - Shot Misses the Net.
17:06 of 3rd period - Snap shot by Ryan Strome.
17:06 of 3rd period - Stopped by Igor Shesterkin with a rebound.
17:08 of 3rd period - Snap shot by Jaden Schwartz.
17:08 of 3rd period - Shot Misses the Net.
17:18 of 3rd period - Wrist shot by Ryan Strome.
17:18 of 3rd period - Stopped by Igor Shesterkin with a rebound.
17:20 of 3rd period - Wrist shot by Ryan Strome.
17:20 of 3rd period - Deflect By Alex Laferriere.
17:20 of 3rd period - Shot Misses the Net.
17:20 of 3rd period - Puck is out of play.
17:21 of 3rd period - Beck Malenstyn wins face-off versus Mikael Granlund in New York Rangers zone.
18:20 of 3rd period - Penalty to Timo Meier is over, Timo Meier is back on ice.
18:30 of 3rd period - Boston Bruins, Marcus Hogberg is pulled from the net.
18:32 of 3rd period - Slapshot by Jakob Pelletier.
18:32 of 3rd period - Deflect By Joel Farabee.
18:32 of 3rd period - Shot Hit the Post.
18:32 of 3rd period - Puck is out of play.
18:33 of 3rd period - Nathan MacKinnon wins face-off versus Sam Morton in New York Rangers zone.
18:33 of 3rd period - Nathan MacKinnon is hit by Joel Farabee.
18:40 of 3rd period - Wrist shot by Cole Caufield.
18:40 of 3rd period - Shot Misses the Net.
18:42 of 3rd period - Slapshot by Victor Hedman.
18:42 of 3rd period - Goal by Victor Hedman - New York Rangers : 4 - Boston Bruins : 2.
18:42 of 3rd period - Marcus Hogberg from Boston Bruins was sent back in the game.
18:43 of 3rd period - Sam Morton wins face-off versus Nathan MacKinnon in neutral zone.
18:46 of 3rd period - Slapshot by Samuel Girard.
18:46 of 3rd period - Shot Misses the Net.
18:54 of 3rd period - Wrist shot by Artemi Panarin.
18:54 of 3rd period - Stopped by Marcus Hogberg without a rebound.
18:54 of 3rd period - Marcus Hogberg from Boston Bruins is injured at 18:54 of 3rd period (Right Hand).
18:54 of 3rd period - Petr Mrazek enters game.
18:55 of 3rd period - Sam Morton wins face-off versus Nathan MacKinnon in Boston Bruins zone.
19:11 of 3rd period - Slapshot by Artemi Panarin.
19:11 of 3rd period - Stopped by Petr Mrazek without a rebound.
19:12 of 3rd period - Nathan MacKinnon wins face-off versus Beck Malenstyn in Boston Bruins zone.
19:46 of 3rd period - Snap shot by Joel Farabee.
19:46 of 3rd period - Stopped by Igor Shesterkin without a rebound.
19:47 of 3rd period - Nathan MacKinnon wins face-off versus Sam Morton in New York Rangers zone.
19:53 of 3rd period - Minor Penalty to Urho Vaakanainen for Tripping.
19:54 of 3rd period - Alex Laferriere wins face-off versus Dylan Strome in Boston Bruins zone.
Goals for this period are 3 for New York Rangers vs 0 for Boston Bruins.
Shots for this period are 15 for New York Rangers vs 13 for Boston Bruins.